 Dungeon Crawl Stone Soup version 0.22-a0-32-ga749362 (webtiles) character file.

56 mopl the Slasher (level 3, -1/21 HPs)
             Began as a Tengu Warper on Jan 3, 2018.
             Shot with a stone by a goblin (3 damage)
             ... led by Robin
             ... on level 2 of the Dungeon.
             The game lasted 00:01:55 (742 turns).

mopl the Slasher (Tengu Warper)                      Turns: 742, Time: 00:01:55

Health: -1/21      AC:  3    Str: 11    XL:     3   Next: 97%
Magic:  7/7        EV: 16    Int: 13    God:
Gold:   17         SH:  0    Dex: 19    Spells: 2/6 levels left

rFire    . . .     SeeInvis .   a - +0 falchion
rCold    . . .     Gourm    .   (no shield)
rNeg     . . .     Faith    .   b - +0 leather armour
rPois    .         Spirit   .   (helmet restricted)
rElec    .         Reflect  .   (no cloak)
rCorr    .         Harm     .   (no gloves)
MR       .....                  (boots unavailable)
Stlth    ++........             (no amulet)
HPRegen  0.07/turn              (no ring)
MPRegen  0.10/turn              (no ring)

@: agile, heavily drained
A: beak, talons 3
a: no special abilities


You were on level 2 of the Dungeon.
You were not hungry.

You visited 1 branch of the dungeon, and saw 3 of its levels.

You collected 17 gold pieces.

Inventory:

Hand Weapons
 a - a +0 falchion (weapon)
Missiles
 e - 5 tomahawks of dispersal (quivered)
Armour
 b - a +0 leather armour (worn)
Scrolls
 d - a scroll of blinking
Books
 c - a book of Spatial Translocations

   Spells                             Type                      Level
   a - Blink                          Translocation                2
   b - Shroud of Golubria             Charms/Translocation         2
   c - Lesser Beckoning               Translocation                3
   d - Gell's Gravitas                Translocation                3
   e - Teleport Other                 Translocation                3
   f - Passage of Golubria            Translocation                4
Comestibles
 f - 2 rations
 g - 2 chunks of flesh


   Skills:
 - Level 2.0(0.9) Fighting
 + Level 4.5(3.3) Long Blades
 - Level 1.0(0.0) Throwing
 - Level 1.1(0.0) Armour
 - Level 2.1(1.0) Dodging
 - Level 2.0(0.9) Spellcasting
 - Level 2.4(1.3) Translocations


You had 2 spell levels left.
You knew the following spells:

 Your Spells              Type           Power        Failure   Level  Hunger
e - Blink                 Tloc           N/A          32%         2    ###....
f - Shroud of Golubria    Chrm/Tloc      #.........   41%         2    ###....


Dungeon Overview and Level Annotations

Branches:
Dungeon (3/15)

Altars:

Annotations:
D:2 Robin


Innate Abilities, Weirdness & Mutations

You have a beak for a mouth.
You have claws for feet.


Message History

You see here a ration.
f - 2 rations (gained 1) Robin throws the goblin at you!
A hobgoblin comes into view.
The goblin hits you with a dagger. The goblin misses you.
The goblin unwields an uncursed dagger.
The goblin wields a hunting sling.
The goblin shoots a stone.
The stone hits you.
* * * LOW HITPOINT WARNING * * *
You see here a stone.
The goblin shoots a stone.
The stone hits you but does no damage.
You see here a stone.
Robin throws the goblin at you!
* * * LOW HITPOINT WARNING * * *
The goblin completely misses you.
You riposte.
You closely miss the goblin. You peck the goblin.
You kill the goblin!
The goblin shoots a stone.
The stone closely misses you.
The goblin shoots a stone.
The stone hits you.
You die...

#...# ...####
#...###########.##....
#...............#.....
#...#..>##......g.....
#...###.).............
#######...# ####†...<.......
#........## ####..g.........
#........# ##..((g.g........
#........# #(@##..........g.
#........##..###............
#.........).# #......#.....
#........### #......#.####
#.......... ##.#####.#
#........#.. #.#
#<.......### #.# ##########


You could see a hobgoblin and 2 goblins.

Vanquished Creatures
  Terence (D:2)
  An adder (D:3)
  4 goblins
  5 hobgoblins (D:1)
  A kobold (D:1)
  4 bats
  4 frilled lizards
  A rat (D:2)
21 creatures vanquished.

Vanquished Creatures (others)
  A giant cockroach (D:2)
1 creature vanquished.

Grand Total: 22 creatures vanquished

Notes
Turn   | Place    | Note
-------+----------+-------------------------------------------
     0 | D:1      | mopl the Tengu Warper began the quest for the Orb.
     0 | D:1      | Reached XP level 1. HP: 12/12 MP: 4/4
    84 | D:1      | Reached XP level 2. HP: 16/17 MP: 6/6
    91 | D:1      | Reached skill level 3 in Long Blades
    95 | D:1      | Learned a level 2 spell: Blink
    98 | D:1      | Learned a level 2 spell: Shroud of Golubria
   610 | D:2      | Noticed Terence
   697 | D:3      | Reached XP level 3. HP: 16/21 MP: 4/7
   725 | D:2      | Killed Terence
   725 | D:2      | Reached skill level 4 in Long Blades
   734 | D:2      | Noticed Robin
   742 | D:2      | Shot with a stone by a goblin

Vault maps used:
D:1:      minmay_arrival_three_doors, serial_bayou_pond_e, dk_noncrumbling_2
D:2:      fiery_altar_vehumet, first_ration, uniq_robin, uniq_terence,
          uniq_jessica

Skill      XL: |  1  2  3 |
---------------+----------+-----
Long Blades    | 3 4 |  4.5
Fighting       | |  2.0
Throwing       | |  1.0
Armour         | |  1.1
Dodging        | |  2.1
Spellcasting   | |  2.0
Translocations | |  2.4

Action                   || total
-------------------------++-------
Melee: Falchion          ||    42
       Kick              ||    17
       Peck              ||     9
 Cast: Blink             ||     1
  Use: Potion            ||     2
Armor: Leather armour    ||    10
Dodge: Dodged            ||    43
       Rpst.: Falchion   ||    11

Table legend:
 A = Spawn XP
 B = Non-spawn XP
 C = Spawn XP percentage of total XP
 D = Spawn monster count
 E = Non-spawn monster count
 F = Spawn count percentage of total count
 G = Total turns spent on level
                    A         B        C        D         E        F      G
               +---------+---------+-------+---------+---------+-------+---------
         Total |       0 |      81 |   0.0 |       0 |      21 |   0.0 |   742
               +---------+---------+-------+---------+---------+-------+---------
           D:1 |       0 |      23 |   0.0 |       0 |      13 |   0.0 |   647
           D:2 |       0 |      41 |   0.0 |       0 |       5 |   0.0 |    55
           D:3 |       0 |      17 |   0.0 |       0 |       3 |   0.0 |    40
               +---------+---------+-------+---------+---------+-------+---------
